 Dungeon Sprint DCSS version 0.30-a0-360-g447f08457e (webtiles) character file.

Game seed: 2152827695857630179

7 Pestilence the Chiller (level 1, -8/13 HPs)
             Began as a Demonspawn Ice Elementalist on Nov 13, 2022.
             Splashed by a jelly's acid (10 damage)
             ... in the Dungeon (Sprint IX: "|||||||||||||||||||||||||||||").
             The game lasted 00:00:39 (96 turns).

Pestilence the Chiller (Demonspawn Ice Elementalist)  Turns: 96, Time: 00:00:40

Health: -8/13      AC:  2    Str:  8    XL:     1   Next: 91%
Magic:  2/4        EV: 12    Int: 16    God:
Gold:   0          SH:  0    Dex: 13    Spells: 4/5 levels left

rFire   . . .      SeeInvis .    (no weapon)
rCold   . . .      Faith    .    (no shield)
rNeg    . . .      Spirit   .    a - +0 robe
rPois   .          Reflect  .    (no helmet)
rElec   .          Harm     .    (no cloak)
rCorr   .          Rampage  .    (no gloves)
Will    .....      NoTele   +    (no boots)
Stlth   ++........               (no amulet)
HPRegen 0.22/turn                (no ring)
MPRegen 0.09/turn                (no ring)

@: no status effects
A: no striking features
a: no special abilities


You were in the Dungeon.
You visited 1 branch

Inventory:

Armour
 a - a +0 robe (worn)
Potions
 b - 3 potions of magic
 c - a potion of curing
 e - a potion of haste


   Skills:
 + Level 2.6 Dodging
 - Level 1.7 Stealth
 + Level 2.8 Spellcasting
 + Level 4.1 Ice Magic


You had 4 spell levels left.
You knew the following spells:

 Your Spells              Type           Power      Damage    Failure   Level
a - Freeze                Ice            60%        1d7       3%          1

Your spell library contained the following spells:

 Spells                   Type           Power      Damage    Failure   Level
 Frozen Ramparts          Ice            30%        1d5       11%         3
 Ozocubu's Armour         Ice            15%        N/A       11%         3
 Summon Ice Beast         Ice/Summ       8%         N/A       63%         4


Dungeon Overview and Level Annotations

Branches:
Dungeon (1/1)

Altars:
Cheibriados
Dithmenos
Fedhas
Gozag
Hepliaklqana
Jiyva


Message History

The orc barely misses you.
Unknown command.
Casting: Freeze (safe; 3% risk of failure)
Confirm with . or Enter, or press ? or * to list all spells.
Aiming: Freeze (safe; 3% risk of failure)
Press: ? - help, Shift-Dir - straight line, f/p - orc
Aim: an orc, wielding a +0 trident (heavily wounded)
You freeze the orc.
You kill the orc!
Unknown command.
The iguana attacks as you move away! The iguana barely misses you.
Your magical contamination has completely faded away.
There is an open door to the Dungeon here.
You see here a ball python corpse.
The iguana attacks as you move away! The iguana barely misses you.
There is a staircase leading out of the dungeon here.
Blink to where?
Press: ? - help, Dir - move target
As you read the scroll of blinking, it crumbles to dust.
There is an open door here.
Things that are here:
a +0 trident; an orc corpse The jelly attacks as you move away!
The jelly hits you.
You are splashed with acid!
Ouch! That really hurt!
* * * LOW HITPOINT WARNING * * *
Okay, then.
You open the door. The jelly barely misses you.
Found six altars.
Unknown command.
The jelly attacks as you move away! The jelly barely misses you.
Found a hazy altar of Hepliaklqana.
There is an open door to the Temple here.
Found a viscous altar of Jiyva.
There is a roughly hewn altar of Beogh here.
The jelly attacks as you move away! The jelly hits you.
* * * LOW HITPOINT WARNING * * *
You are splashed with acid!
Ouch! That really hurt!
You die... ▓▓▓▓▓▓▓▓▓▓▓▓▓▓▓▓▓▓▓▓▓▓▓▓ _______@J.hh.l'.....†... ▓▓▓▓▓▓▓▓▓▓▓▓▓▓▓▓▓▓▓▓▓▓▓▓

You could see a black bear, an iguana, a hound and a jelly.

Vanquished Creatures
  An orc (D)
  2 endoplasms (D)
  2 ball pythons (D)
  A bat (D)
6 creatures vanquished.

Notes
Turn   | Place    | Note
-------+----------+-------------------------------------------
     0 | D        | Pestilence the Demonspawn Ice Elementalist began the quest
                  | for the Orb.
     0 | D        | Reached XP level 1. HP: 13/13 MP: 3/3
    18 | D        | Reached skill level 4 in Ice Magic
    67 | D        | Noticed a jelly
    67 | D        | Noticed a black bear
    67 | D        | Noticed a hound
    67 | D        | Noticed an iguana
    93 | D        | Found a snail-covered altar of Cheibriados.
    93 | D        | Found a shadowy altar of Dithmenos.
    93 | D        | Found a blossoming altar of Fedhas.
    93 | D        | Found an opulent altar of Gozag.
    94 | D        | Found a hazy altar of Hepliaklqana.
    95 | D        | Found a viscous altar of Jiyva.
    96 | D        | Splashed by a jelly's acid

Illustrated notes

Levels and vault maps discovered:
D:        linesprint [early_d, line_temple, items_1, d_10, items_2, lair_1,
          lair_end, items_3, orc_1, orc_end, items_4, d_15, swamp_1, shoals_1,
          snake_1, spider_1, d_20, vaults_1, items_5, swamp_end, shoals_end,
          snake_end, spider_end, vaults_end, d_27, items_6, zot_1, zot_end,
          crypt_end, forest_end, elf_end, slime_end, tomb_end, abyss_end,
          pan_hell_end]

Skill      XL: |  1 |
---------------+----+-----
Dodging        | 2 |  2.6
Ice Magic      | 4 |  4.1
Stealth        | |  1.7
Spellcasting   | |  2.8

Action                   || total
-------------------------++-------
Melee: Unarmed           ||    12
 Cast: Freeze            ||     6
  Use: Potion            ||     2
       Scroll            ||     1
Armor: Robe              ||     4
Dodge: Dodged            ||    18

Table legend: (Time is in decaauts)
 A = Elapsed time spent in this place.
 B = Non-inter-level travel time spent in this place.
 C = Inter-level travel time spent in this place.
 D = Time resting spent in this place.
 E = Time spent auto-exploring this place.
 F = Levels seen in this place.
 G = Mean time per level.
                   A        B        C        D        E       F      G
               +--------+--------+--------+--------+--------+-----+--------+
         Total |    104 |    104 |      0 |     50 |      0 |   1 |  104.0 |
       Dungeon |    104 |    104 |      0 |     50 |      0 |   1 |  104.0 |
               +--------+--------+--------+--------+--------+-----+--------+

Top non-repeatable levels by time:
       D: 104 daAuts
